 Dungeon Crawl Stone Soup version 0.32-a0-918-g0f22ef8d61 (webtiles) character file.

Game seed: 8389620736040224085

2071 horus123 the Conjurer (level 9, -3/41 (68) HPs)
             Began as a Demonspawn Gladiator on Apr 11, 2024.
             Was an Initiate of Qazlal.
             Killed by divine providence
             ... invoked by Jeremiah
              (10 damage)
             ... on level 7 of the Dungeon.
             The game lasted 00:18:28 (6222 turns).

horus123 the Conjurer (Demonspawn Gladiator)        Turns: 6222, Time: 00:18:28

HP:   -3/41 (68)    AC: 22    Str: 18    XL:     9   Next: 5%
MP:   9/9           EV: 10    Int:  9    God:    Qazlal [......]
Gold: 538           SH:  4    Dex: 15    Spells: 8/8 levels left

rFire   . . .        a - +0 trident
rCold   + . .        x - +0 buckler
rNeg    . . .        E - +2 acid dragon scales
rPois   .            (helmet restricted)
rElec   .            (no cloak)
rCorr   +            y - +0 pair of gloves
SInv    +            (no boots)
Will    .....        l - amulet of regeneration
Stlth   +            b - ring of protection from cold
HPRegen 1.06/turn    n - ring of see invisible
MPRegen 0.11/turn

%: no passive effects
@: sanguine armoured, very heavily drained
A: horns 2, sanguine armour 3
a: Renounce Religion


You were on level 7 of the Dungeon.
You worshipped Qazlal.
Qazlal was noncommittal.
You visited 2 branches of the dungeon, and saw 8 of its levels.

You collected 538 gold pieces.

Inventory:

Hand Weapons
 a - a +0 trident (weapon)
 f - a +2 whip of electrocution
 q - a +2 quarterstaff of holy wrath
 C - the +0 quarterstaff "Dely" {vamp, rPois rC+ Str+3}
   (You found it on level 6 of the Dungeon)

   Str+3:     It affects your strength (+3).
   rC+:       It protects you from cold.
   rPois:     It protects you from poison.
 F - a +2 trident of protection
Missiles
 c - 5 boomerangs
 d - a throwing net (quivered)
 e - a javelin
 o - 6 poisoned darts
Armour
 x - a +0 buckler (worn)
 y - a +0 pair of gloves (worn)
 E - +2 acid dragon scales (worn)
Magical Staves
 u - a staff of conjuration
Jewellery
 b - a ring of protection from cold (left hand)
 l - an amulet of regeneration (around neck)
 n - a ring of see invisible (right hand)
 B - a ring of poison resistance
Wands
 I - a wand of flame (14)
Scrolls
 g - 2 scrolls of immolation {unknown}
 i - 3 scrolls of vulnerability
 m - a scroll of fear
 r - 6 scrolls of teleportation
 s - 2 scrolls of amnesia {unknown}
 v - a scroll of brand weapon {unknown}
 z - a scroll of blinking {unknown}
 A - a scroll of fog {unknown}
 G - a scroll of enchant weapon {unknown}
Potions
 h - a potion of enlightenment {unknown}
 j - a potion of cancellation {unknown}
 k - 2 potions of heal wounds {unknown}
 p - 5 potions of curing {unknown}
 t - a potion of mutation {unknown}
 w - a potion of haste {unknown}
 D - a potion of ambrosia {unknown}
 H - 2 potions of attraction {unknown}


   Skills:
 - Level 5.0 Fighting
 + Level 2.6(4.5) Polearms
 - Level 5.6(6.0) Staves
 - Level 1.7 Throwing
 - Level 3.2 Armour
 - Level 2.6 Dodging
 - Level 6.0 Conjurations
 - Level 5.0 Evocations


You had 8 spell levels left.
You didn't know any spells.
Your spell library contained the following spells:

 Spells                   Type           Power      Damage    Failure   Level
 Tukima's Dance           Hex            0%         N/A       91%         3
 Passage of Golubria      Tloc           0%         N/A       100%        4
 Yara's Violent Unravell  Hex/Alch       0%         3d3       100%        5


Dungeon Overview and Level Annotations

Branches:
Dungeon (7/15)             Temple (1/1) D:7

Altars:
Ashenzari
Cheibriados
Dithmenos
Fedhas
Gozag
Hepliaklqana
Kikubaaqudgha
Nemelex Xobeh
Okawaru
Qazlal
Ru
Sif Muna
Trog
Vehumet
Xom
Yredelemnul

Annotations:
D:7 Jeremiah


Innate Abilities, Weirdness & Mutations

You have a pair of horns on your head.
When seriously injured, your blood forms very thick armour. (AC +12)


Message History

Something smites you!
* * * LOW HITPOINT WARNING * * *
Reach: a) +0 trident
Press: ? - help, Dir - move target, f/p - Jeremiah
Aim: Jeremiah, wielding a +3 trident of draining, wearing a +0 robe and wearing an orb of mayhem (heavily wounded, about 45% to evade your +0 trident)
You reach to attack!
You hit Jeremiah but do no damage.
Jeremiah is heavily wounded.
Jeremiah barely misses you.
Reach: a) +0 trident
Press: ? - help, Dir - move target, f/p - Jeremiah
Aim: Jeremiah, wielding a +3 trident of draining, wearing a +0 robe and wearing an orb of mayhem (heavily wounded, about 45% to evade your +0 trident)
You reach to attack!
You closely miss Jeremiah.
Jeremiah is heavily wounded.
The butterfly disappears in a burst of colours! x3
Jeremiah hits you but does no damage.
You feel drained.
Reach: a) +0 trident
Press: ? - help, Dir - move target, f/p - Jeremiah
Aim: Jeremiah, wielding a +3 trident of draining, wearing a +0 robe and wearing an orb of mayhem (heavily wounded, about 45% to evade your +0 trident)
You reach to attack!
You closely miss Jeremiah.
Jeremiah is heavily wounded.
Jeremiah hits you from afar with a +3 trident of draining.
* * * LOW HITPOINT WARNING * * *
You feel drained.
* * * LOW HITPOINT WARNING * * *
Reach: a) +0 trident
Press: ? - help, Dir - move target, f/p - Jeremiah
Aim: Jeremiah, wielding a +3 trident of draining, wearing a +0 robe and wearing an orb of mayhem (heavily wounded, about 45% to evade your +0 trident)
The butterfly is in the way.
You barely miss the butterfly.
The butterfly disappears in a burst of colours! x2
Jeremiah hits you but does no damage.
You feel drained.
Reach: a) +0 trident
Press: ? - help, Dir - move target, f/p - Jeremiah
Aim: Jeremiah, wielding a +3 trident of draining, wearing a +0 robe and wearing an orb of mayhem (heavily wounded, about 45% to evade your +0 trident)
You reach to attack!
You hit Jeremiah.
Jeremiah is heavily wounded.
The butterfly disappears in a burst of colours!
Jeremiah throws their arms up pleadingly.
Something smites you!
You die...
Jeremiah asks, "What happened?
Did... did you die?"

## .# ### #######.#
#.## ##.#.##.# #.#
##.###.##b.b.### #..#
#....#bFb@##..# #..#
##..bb.bb#####b...#
#..# ##.#bbbb.# ##.....
#..# ###..##b.b## .b..
#..###.....##bb# ..b
#..#....#..##..## ##..
..
#.....###..###(.###....
. #....##
##..##...#.... ...###
#..###.....# ..


You could see Jeremiah.

Vanquished Creatures
  Maggie (D:6)
  Edmund (D:5)
  A water moccasin (D:7)
  Duvessa (D:5)
  An ice beast (D:7)
  An orc warrior (D:6)
  A black bear (D:3)
  A kobold brigand (D:7)
  A bullfrog (D:7)
  A gnoll sergeant (D:6)
  4 scorpions
  Dowan (D:5)
  A howler monkey (D:5)
  A bombardier beetle (D:6)
  3 hounds
  2 jellies (D:7)
  3 iguanas
  2 orc wizards (D:6)
  Natasha (thrice) (D:4 D:5)
  7 gnolls
  12 adders
  3 dart slugs (D:4)
  A ribbon worm (D:3)
  14 orcs
  4 ball pythons
  8 bats
  8 endoplasms
  2 giant cockroaches
  5 goblins
  7 hobgoblins
  4 jackals
  11 kobolds
  12 quokkas
  A frilled lizard (D:3)
  3 rats
132 creatures vanquished.

Notes
Turn   | Place    | Note
-------+----------+-------------------------------------------
     0 | D:1      | horus123 the Demonspawn Gladiator began the quest for the
                  | Orb.
     0 | D:1      | Reached XP level 1. HP: 16/16 MP: 1/1
   222 | D:1      | Gained mutation: When seriously injured, your blood forms
                  | armour. (AC +12) [demonic ancestry]
   222 | D:1      | Reached XP level 2. HP: 23/23 MP: 2/2
   630 | D:2      | Reached XP level 3. HP: 23/29 MP: 3/3
  1339 | D:2      | Reached XP level 4. HP: 38/38 MP: 4/4
  1445 | D:2      | Identified the +2 leather armour of Magic {rF+ Dex+3}
  1890 | D:3      | Reached skill level 5 in Fighting
  1951 | D:3      | Noticed a black bear
  1967 | D:3      | Killed a black bear
  1968 | D:3      | Gained mutation: You have a pair of small horns on your
                  | head. [demonic ancestry]
  1968 | D:3      | Reached XP level 5. HP: 28/44 MP: 5/5
  2306 | D:3      | Found a faded altar of an unknown god.
  2578 | D:4      | Noticed Natasha
  2591 | D:4      | Killed Natasha
  2592 | D:4      | Gained mutation: You have a pair of horns on your head.
                  | [demonic ancestry]
  2592 | D:4      | Reached XP level 6. HP: 36/51 MP: 6/6
  2734 | D:4      | Noticed Natasha
  2764 | D:5      | Entered Level 5 of the Dungeon
  2890 | D:5      | Killed Natasha
  3315 | D:5      | Noticed Natasha
  3320 | D:5      | Killed Natasha
  3340 | D:5      | Noticed Edmund
  3380 | D:5      | Killed Edmund
  3381 | D:5      | Reached skill level 5 in Staves
  3381 | D:5      | Gained mutation: When seriously injured, your blood forms
                  | thick armour. (AC +12) [demonic ancestry]
  3381 | D:5      | Reached XP level 7. HP: 46/56 MP: 7/7
  3606 | D:5      | Noticed Duvessa
  3607 | D:5      | Noticed Dowan
  3622 | D:5      | Killed Duvessa
  3623 | D:5      | Reached skill level 1 in Conjurations
  3625 | D:5      | Killed Dowan
  3626 | D:5      | Reached skill level 2 in Conjurations
  3755 | D:5      | Reached skill level 3 in Conjurations
  4038 | D:6      | Reached skill level 4 in Conjurations
  4154 | D:6      | Noticed Maggie
  4208 | D:6      | Killed Maggie
  4209 | D:6      | Reached skill level 6 in Conjurations
  4209 | D:6      | Reached skill level 1 in Evocations
  4209 | D:6      | Gained mutation: When seriously injured, your blood forms
                  | very thick armour. (AC +12) [demonic ancestry]
  4209 | D:6      | Reached XP level 8. HP: 20/62 MP: 8/8
  4308 | D:6      | Identified the +0 quarterstaff "Dely" {vamp, rPois rC+
                  | Str+3}
  5449 | D:7      | Found a staircase to the Ecumenical Temple.
  5470 | Temple   | Entered the Ecumenical Temple
  5497 | Temple   | Became a worshipper of Qazlal Stormbringer
  5689 | D:7      | Reached skill level 5 in Evocations
  5689 | D:7      | Reached skill level 1 in Armour
  5806 | D:7      | Noticed an angel
  6061 | D:7      | Reached XP level 9. HP: 65/68 MP: 9/9
  6157 | D:7      | Noticed Jeremiah
  6222 | D:7      | Killed from afar by Jeremiah

Illustrated notes

Levels and vault maps discovered:
D:1:      psy_arrival_basics, layout_loops_ring, minmay_pentomino_s2
D:2:      minmay_razor_zed, layout_basic
D:3:      layout_loops_ring, hellmonk_ecumenical_altar_leap_of_faith
D:4:      layout_cave_pools, uniq_natasha
D:5:      layout_loops_cross, uniq_edmund, uniq_duvessa
D:6:      layout_basic, minmay_strange_pillars, minmay_fountain_box,
          kennysheep_donut, uniq_maggie
D:7:      layout_layer_cave, zin_angel, minmay_temple_entry_statues_pillars,
          uniq_jeremiah
Temple:   dpeg_three_leaves_temple

Skill      XL: |  1  2  3  4  5  6  7  8  9 |
---------------+----------------------------+-----
Fighting       | 3 4 5 |  5.0
Staves         | 2 3 5 |  5.6
Conjurations   | 6 |  6.0
Evocations     | 1 5 |  5.0
Armour         | 2 3 |  3.2
Polearms       | |  2.6
Throwing       | |  1.7
Dodging        | |  2.6

Action                     |  1- 3 |  4- 6 |  7- 9 || total
---------------------------+-------+-------+-------++-------
  Melee: Trident           |   102 |   189 |    94 ||   385
         Quarterstaff      |    17 |       |       ||    17
         Headbutt          |       |    14 |    74 ||    88
         Staff             |       |       |   256 ||   256
  Throw: Dart              |       |     9 |    16 ||    25
         Throwing net      |       |       |     5 ||     5
  Evoke: Wand              |       |       |     1 ||     1
    Use: Potion            |       |     2 |     1 ||     3
         Scroll            |       |       |     7 ||     7
   Stab: Sleeping          |     2 |     4 |       ||     6
 Armour: Leather armour    |    44 |   132 |    71 ||   247
         Ring mail         |    25 |    18 |       ||    43
         Acid dragon scale |       |       |   127 ||   127
         Skin              |       |       |     3 ||     3
  Dodge: Dodged            |    70 |   112 |   167 ||   349
  Block: Buckler           |       |    25 |    48 ||    73

Table legend: (Time is in decaauts)
 A = Elapsed time spent in this place.
 B = Non-inter-level travel time spent in this place.
 C = Inter-level travel time spent in this place.
 D = Time resting spent in this place.
 E = Time spent auto-exploring this place.
 F = Levels seen in this place.
 G = Mean time per level.
                   A        B        C        D        E       F      G
               +--------+--------+--------+--------+--------+-----+--------+
         Total |   6270 |   6137 |    133 |    429 |   4140 |   8 |  783.8 |
       Dungeon |   6232 |   6099 |    133 |    429 |   4140 |   7 |  890.3 |
        Temple |     37 |     37 |      0 |      0 |      0 |   1 |   37.0 |
               +--------+--------+--------+--------+--------+-----+--------+

Top non-repeatable levels by time:
     D:6: 1237 daAuts
     D:2: 994 daAuts
     D:5: 945 daAuts
     D:3: 918 daAuts
     D:7: 912 daAuts
     D:1: 637 daAuts
     D:4: 587 daAuts
  Temple: 37 daAuts
